 Dungeon Crawl Stone Soup version 0.17-a0-1479-g4041c36 (webtiles) character file.

66 Stealth the Cutter (level 3, -9/24 HPs)
             Began as a Demonspawn Enchanter on July 3, 2015.
             Mangled by Sigmund
             ... wielding a +0 scythe
              (13 damage)
             ... on level 2 of the Dungeon.
             The game lasted 00:01:46 (882 turns).

Stealth the Cutter (Demonspawn Enchanter)            Turns: 882, Time: 00:01:46

Health: -9/24      AC:  7    Str:  8    XL:     3   Next: 96%
Magic:  6/6        EV: 12    Int: 17    God:
Gold:   37         SH:  0    Dex: 13    Spells: 1 memorised, 5 levels left

rFire  . . .     SeeInvis .     a - +1 dagger
rCold  . . .     Clarity  .     b - +1 robe
rNeg   . . .     SustAt   .     (no shield)
rPois  +         Gourm    .     j - +2 helmet
rElec  .         Spirit   .     (no cloak)
rCorr  .         Warding  .     (no gloves)
rMut   .         Stasis   .     e - +0 pair of boots
MR     .....                    (no amulet)
Stlth  ++........               (no ring)
                                f - ring of poison resistance

@: not resistant to hostile enchantments, unstealthy
A: spiny 2
a: no special abilities


You were on level 2 of the Dungeon.
You were not hungry.

You visited 1 branch of the dungeon, and saw 2 of its levels.

You collected 37 gold pieces.

Inventory:

Hand weapons
 a - a +1 dagger (weapon)
Armour
 b - a +1 robe (worn)
 e - a +0 pair of boots (worn)
 j - a +2 helmet (worn)
Jewellery
 f - a ring of poison resistance (left hand)
Scrolls
 i - a scroll of immolation {unknown}
Potions
 h - a potion of resistance {unknown}
 k - 2 potions of might {unknown}
Books
 c - a book of Maledictions

   Spells                             Type                      Level
   a - Corona                         Hexes                        1
   b - Ensorcelled Hibernation        Hexes/Ice                    2
   c - Confuse                        Hexes                        3
   d - Tukima's Dance                 Hexes                        3
   e - Dazzling Spray                 Conjuration/Hexes            3
Comestibles
 d - a bread ration
 g - a meat ration


   Skills:
 + Level 3.5 Short Blades
 - Level 1.7 Dodging
 - Level 2.6 Stealth
 - Level 2.0 Spellcasting
 - Level 3.0 Hexes


You had 5 spell levels left.
You knew the following spells:

 Your Spells              Type           Power        Failure   Level  Hunger
a - Corona                Hex            ##.....      6%          1    #......


Dungeon Overview and Level Annotations

Branches:
Dungeon (2/15)

Altars:

Annotations:
D:2 Sigmund


Innate Abilities, Weirdness & Mutations

You are mostly covered in sharp spines.


Message History

Natasha screams in pain as she dies!
Your Short Blades skill increases to level 3!
The crimson imp disappears in a puff of smoke! x2
The giant gecko is struck by your spines.
You kill the giant gecko!
You hit the giant gecko.
The giant gecko is moderately wounded.
The giant gecko bites you.
You hit the giant gecko.
The giant gecko is severely wounded.
The giant gecko is struck by your spines.
You kill the giant gecko!
Something hits you!
* * * LOW HITPOINT WARNING * * *
You are too injured to fight recklessly!
You are too injured to fight recklessly!
You start resting.
Something hits you!
Ouch! That really hurt!
You die...

.## ### #.. ... #.#
######+#.####
#.###.......$..<.
#.........†..#
#........@†..#
#............## #
##................
#######..#..#...#+#.....
.......).##.#......#....
.........##+##.....#....
...................# ...
.#######...........# ..
.# #...........#


There were no monsters in sight!

Vanquished Creatures
  Natasha (D:2)
  An adder (D:2)
  An ooze (D:1)
  A bat (D:2)
  4 goblins
  3 hobgoblins (D:1)
  8 jackals (D:1)
  A giant cockroach (D:1)
  3 giant geckos
  A giant newt (D:1)
  3 rats (D:1)
27 creatures vanquished.

Vanquished Creatures (others)
  A giant gecko (D:1)
  A goblin (D:2)
2 creatures vanquished.

Grand Total: 29 creatures vanquished

Notes
Turn   | Place    | Note
--------------------------------------------------------------
     0 | D:1      | Stealth the Demonspawn Enchanter began the quest for the Orb.
     0 | D:1      | Reached XP level 1. HP: 13/13 MP: 3/3
    20 | D:1      | Reached skill level 1 in Short Blades
   170 | D:1      | Gained mutation: You are partially covered in sharp spines. [demonic ancestry]
   170 | D:1      | Reached XP level 2. HP: 4/19 MP: 3/5
   854 | D:2      | Gained mutation: You are mostly covered in sharp spines. [demonic ancestry]
   854 | D:2      | Reached XP level 3. HP: 24/24 MP: 6/6
   870 | D:2      | Noticed Natasha
   873 | D:2      | Noticed Sigmund
   878 | D:2      | Killed Natasha
   882 | D:2      | Mangled by Sigmund

Vault maps used:
D:1:      saegor_arrival_miasma
D:2:      fiery_altar_vehumet, led_sif_pool,
          gammafunk_temple_overflow_forgotten, uniq_sigmund, uniq_jessica,
          uniq_natasha, uniq_crazy_yiuf_cottage

Action                   || total
-------------------------++-------
Melee: Dagger            ||    60
 Cast: Corona            ||     1
  Use: Scroll            ||     1
 Stab: Sleeping          ||     3
